 Dungeon Crawl Stone Soup version 0.21-a0-29-g43b3074 (webtiles) character file.

59 Kidiri the Magician (level 3, -2/19 HPs)
             Began as a Deep Elf Fire Elementalist on May 26, 2017.
             Slain by a hobgoblin
             ... wielding a +0 club
             ... led by Robin
              (3 damage)
             ... on level 2 of the Dungeon.
             The game lasted 00:03:27 (976 turns).

Kidiri the Magician (Deep Elf Fire Elementalist)     Turns: 976, Time: 00:03:27

Health: -2/19      AC:  2    Str:  5    XL:     3   Next: 78%
Magic:  3/10       EV: 13    Int: 20    God:
Gold:   43         SH:  0    Dex: 15    Spells: 1/10 levels left

rFire    . . .     SeeInvis .   e - +0 dagger
rCold    . . .     Gourm    .   (no shield)
rNeg     . . .     Faith    .   a - +0 robe
rPois    .         Spirit   .   (no helmet)
rElec    .         Reflect  .   (no cloak)
rCorr    .         Harm     .   (no gloves)
MR       .....                  (no boots)
Stlth    ++........             (no amulet)
Regen    0.1/turn               (no ring)
MPRegen  0.2/turn               (no ring)

@: no status effects
A: no striking features
a: no special abilities


You were on level 2 of the Dungeon.
You were not hungry.

You visited 1 branch of the dungeon, and saw 2 of its levels.

You collected 43 gold pieces.

Inventory:

Hand Weapons
 e - a +0 dagger (weapon)
Armour
 a - a +0 robe (worn)
 f - a +0 buckler
Scrolls
 h - a scroll of remove curse {unknown}
 k - a scroll of teleportation {unknown}
 m - a scroll of enchant armour {unknown}
Potions
 g - a potion of haste
 i - a potion of flight {unknown}
 l - a potion of degeneration {unknown}
Books
 b - a book of Flames

   Spells                             Type                      Level
   a - Flame Tongue                   Conjuration/Fire             1
   b - Throw Flame                    Conjuration/Fire             2
   c - Conjure Flame                  Conjuration/Fire             3
   d - Inner Flame                    Hexes/Fire                   3
   e - Sticky Flame                   Conjuration/Fire             4
   f - Fireball                       Conjuration/Fire             5
Comestibles
 c - a bread ration
 d - 3 meat rations
 j - a chunk of flesh


   Skills:
 - Level 2.4 Dodging
 - Level 2.4 Stealth
 * Level 4.2 Spellcasting
 + Level 2.3 Conjurations
 + Level 4.0 Fire Magic


You had one spell level left.
You knew the following spells:

 Your Spells              Type           Power        Failure   Level  Hunger
a - Flame Tongue          Conj/Fire      ###..        3%          1    None
b - Throw Flame           Conj/Fire      ###...       4%          2    #......
c - Conjure Flame         Conj/Fire      ###.....     10%         3    ###....
d - Inner Flame           Hex/Fire       ##......     17%         3    ###....


Dungeon Overview and Level Annotations

Branches:
Dungeon (2/15)

Altars:

Annotations:
D:2 Robin


Message History

You hit the goblin.
The goblin is moderately wounded.
Robin barely misses you.
The goblin is engulfed in blazing flames.
You kill the goblin!
Robin roars a battlecry!
The hobgoblin goes into a battle-frenzy!
You hit the hobgoblin but do no damage.
The hobgoblin hits you but does no damage.
Robin throws the goblin at you!
Unknown command.
You hit the goblin.
The goblin is moderately wounded.
The hobgoblin no longer looks unusually strong.
Robin hits you from afar with a spear.
* * * LOW HITPOINT WARNING * * *
The goblin is engulfed in blazing flames.
You kill the goblin!
The hobgoblin hits you with a club.
You die...

######..###.###.#######
.........##............
#########...######.######.
........#..........#.....
..............<...........
#######.#..#######.#......
...^.............#.#####
########.#######.# #
.......gg@ยง...#.#
#######g#####.#.. #.# #.#
#.# .# ... ... ##.# ..


You could see Robin and 2 hobgoblins.

Vanquished Creatures
  3 adders (D:2)
  A dart slug (D:1)
  A leopard gecko (D:1)
  A ball python (D:2)
  A giant cockroach (D:1)
  10 goblins
  2 hobgoblins (D:1)
  2 jackals (D:1)
  2 bats (D:1)
  2 frilled lizards (D:1)
  2 kobolds (D:1)
27 creatures vanquished.

Notes
Turn   | Place    | Note
-------+----------+-------------------------------------------
     0 | D:1      | Kidiri the Deep Elf Fire Elementalist began the quest for the Orb.
     0 | D:1      | Reached XP level 1. HP: 10/10 MP: 6/6
   352 | D:1      | Reached XP level 2. HP: 11/15 MP: 5/8
   358 | D:1      | Learned a level 2 spell: Throw Flame
   873 | D:2      | Reached XP level 3. HP: 19/19 MP: 6/10
   878 | D:2      | Learned a level 3 spell: Conjure Flame
   882 | D:2      | Learned a level 3 spell: Inner Flame
   915 | D:2      | Noticed Robin
   976 | D:2      | Slain by a hobgoblin

Vault maps used:
D:1:      sevenhm_arrival_forest_fort_small_5, hex_large
D:2:      chequers_ecumenical_altar_simple, uniq_robin

Skill      XL: |  1  2  3 |
---------------+----------+-----
Conjurations   | 2 |  2.3
Spellcasting   | 4 |  4.2
Fire Magic     | 4 |  4.0
Dodging        | |  2.4
Stealth        | |  2.4

Action                   || total
-------------------------++-------
Melee: Club              ||     5
       Dagger            ||     3
 Cast: Flame Tongue      ||    39
       Conjure Flame     ||     3
Armor: Robe              ||     5
Dodge: Dodged            ||    18
